 Dungeon Crawl Stone Soup version 0.24.1-8-ga250c9d538 (webtiles) character file.

Game seed: 13160369252391757298, levelgen mode: deterministic

403 Peloso the Slasher (level 6, -8/48 HPs)
             Began as a Demonspawn Fighter on May 9, 2020.
             Was an Initiate of Okawaru.
             Mangled by an ogre
             ... wielding a cursed -1 giant club
              (12 damage)
             ... on level 4 of the Dungeon.
             The game lasted 00:05:04 (2122 turns).

Peloso the Slasher (Demonspawn Fighter)             Turns: 2122, Time: 00:05:04

Health: -8/48      AC:  8    Str: 18    XL:     6   Next: 55%
Magic:  6/6        EV: 12    Int:  9    God:    Okawaru [......]
Gold:   152        SH: 10    Dex: 18    Spells: 5/5 levels left

rFire    + . .     SeeInvis .   a - +0 long sword
rCold    . . .     Gourm    .   c - +1 shield
rNeg     . . .     Faith    .   p - +0 scale mail
rPois    .         Spirit   .   (no helmet)
rElec    .         Reflect  .   (no cloak)
rCorr    .         Harm     .   (no gloves)
MR       .....                  l - +0 pair of boots
Stlth    +.........             (no amulet)
HPRegen  0.16/turn              e - ring of attention (curse)
MPRegen  0.10/turn              g - ring of protection from fire

@: agile
A: hooves 1, powered by pain 1, spiny 1
a: Renounce Religion


You were on level 4 of the Dungeon.
You worshipped Okawaru.
Okawaru was noncommittal.
You were not hungry.

You visited 1 branch of the dungeon, and saw 4 of its levels.

You collected 152 gold pieces.

Inventory:

Hand Weapons
 a - a +0 long sword (weapon)
 b - a +1 vampiric war axe
Armour
 c - a +1 shield (worn)
 l - a +0 pair of boots (worn)
 p - a +0 scale mail (worn)
Jewellery
 e - a cursed ring of attention (left hand)
 g - a ring of protection from fire (right hand)
 o - an uncursed amulet of guardian spirit {unknown}
 t - a +2 ring of dexterity
Scrolls
 j - a scroll of enchant armour
 n - 2 scrolls of noise
 r - a scroll of teleportation {unknown}
 u - 2 scrolls of identify {unknown}
 w - a scroll of enchant weapon {unknown}
Potions
 d - a potion of might
 i - a potion of lignification {unknown}
 k - a potion of resistance {unknown}
 m - a potion of heal wounds {unknown}
 s - a potion of flight {unknown}
 v - a potion of haste {unknown}
Comestibles
 f - 4 rations
 q - a chunk of flesh


   Skills:
 + Level 4.1 Fighting
 + Level 4.3 Long Blades
 + Level 3.7 Armour
 + Level 0.9 Dodging
 + Level 0.8 Stealth
 + Level 3.5 Shields


You had 5 spell levels left.
You didn't know any spells.
Your spell library was empty.

Dungeon Overview and Level Annotations

Branches:
Dungeon (4/15)
 Temple: D:4-7

Altars:
Gozag
Kikubaaqudgha
Nemelex Xobeh
Okawaru
Qazlal
Ru
Trog
Uskayaw

Portals:
Ossuary: D:4


Innate Abilities, Weirdness & Mutations

You have large cloven feet.
You sometimes gain a little power by taking damage.
You are partially covered in sharp spines.


Message History

You see here a hound corpse.
There is a stone staircase leading down here.
Found a scroll labeled VUUFAG DIOBBYGIPN.
An ogre comes into view. It is wielding a -1 giant club.
The ogre shouts!
You open the door.
The ogre hits you with a cursed -1 giant club!
* * * LOW HITPOINT WARNING * * *
Found a scroll labeled SATWUS UMMORIT.
Found an escape hatch in the floor.
Found a sand-covered staircase.
The ogre is struck by your spines.
The ogre hits you with a cursed -1 giant club!
* * * LOW HITPOINT WARNING * * *
Found a glowing war axe and 15 gold pieces.
Found an escape hatch in the floor.
There is an open door here.
It was a potion of agility.
You feel agile all of a sudden.
The ogre hits you with a cursed -1 giant club!
You die...

**+*******+.###># #.##### ******
**,,,#..,#.....# #<#)... ,,,,,*
*,>,#.>,####.## #.#.... ****,*
*,,,*$.,* #.# #......
****,****##*####* #.# ###....
,,,,,,,**)..#...* #.# #....
,***,****.∩.#.>.* #.# ###.#
,,,,,,***,,,#.?.####.# *.#
,,,,,,**+******#@....# *.#
,,,,,,,,,,*** #O##..# *.#
,,,,,,*****,* #.##..# *.# ,,,,,,*
*,* #.##..# *.# ,,*,*** ***,*
#.##..# *.#
,,*,*****,,,***#.##..# *,*
*,*,*,,,,,,,,,,......# *,*
*,*,,,,,,,,,,,*#.##.##****** *,*
*,,,,,,,_,,*,,**,,..?,,,,,,****,*


You could see an ogre.

Vanquished Creatures
  2 ogres
  An orc wizard (D:3)
  A hound (D:4)
  Jessica (D:3)
  A hound skeleton (D:2)
  Robin (D:2)
  3 adders
  2 oozes (D:1)
  3 worms
  A dart slug (D:1)
  5 orcs (D:3)
  5 giant cockroaches
  14 goblins
  6 hobgoblins
  3 jackals (D:2)
  A quokka (D:3)
  2 ball pythons (D:3)
  12 bats
  5 frilled lizards
  A jackal skeleton (D:4)
  4 kobolds
  7 rats
81 creatures vanquished.

Notes
Turn   | Place    | Note
-------+----------+-------------------------------------------
     0 | D:1      | Peloso the Demonspawn Fighter began the quest for the Orb.
     0 | D:1      | Reached XP level 1. HP: 18/18 MP: 1/1
    56 | D:1      | Gained mutation: You are partially covered in sharp spines.
                  | [demonic ancestry]
    56 | D:1      | Reached XP level 2. HP: 16/24 MP: 2/2
   391 | D:1      | Reached XP level 3. HP: 28/29 MP: 3/3
   667 | D:2      | Noticed an ogre
   675 | D:2      | Killed an ogre
   675 | D:2      | Gained mutation: You sometimes gain a little power by
                  | taking damage. [demonic ancestry]
   675 | D:2      | Reached XP level 4. HP: 35/37 MP: 4/4
   713 | D:2      | Found an opulent altar of Gozag.
   786 | D:2      | Found a sparkling altar of Nemelex Xobeh.
   825 | D:2      | Gained mutation: You have large cloven feet. [demonic
                  | ancestry]
   825 | D:2      | Reached XP level 5. HP: 42/42 MP: 5/5
   849 | D:2      | Found a hide-covered altar of Uskayaw.
   849 | D:2      | Noticed Robin
   875 | D:2      | Killed Robin
  1031 | D:2      | Found a sacrificial altar of Ru.
  1043 | D:2      | Found a stormy altar of Qazlal.
  1059 | D:2      | Found a bloodstained altar of Trog.
  1127 | D:2      | Found an iron altar of Okawaru.
  1171 | D:2      | Became a worshipper of Warmaster Okawaru
  1476 | D:3      | Noticed Jessica
  1481 | D:3      | Killed Jessica
  1540 | D:3      | Reached XP level 6. HP: 37/48 MP: 6/6
  1680 | D:3      | Found an ancient bone altar of Kikubaaqudgha.
  2120 | D:4      | Found a sand-covered staircase.
  2122 | D:4      | Mangled by an ogre

Levels and vault maps discovered:
D:1:      dpeg_arrival_windows_large_door, layout_loops_ring
D:2:      layout_rooms, lemuel_crystal_altar, grunt_gozag_breadcrumbs,
          grunt_temple_overflow_cloverleaf, nemelex_spade_bored_becter,
          uniq_robin
D:3:      layout_rooms, nicolae_overflow_hidden_temple, first_ration,
          uniq_jessica
D:4:      layout_loops_ring, nicolae_ossuary_entry_false_entrances,
          xom_teletrap_fun

Skill      XL: |  1  2  3  4  5  6 |
---------------+-------------------+-----
Long Blades    | 2 3 4 |  4.3
Armour         | 3 |  3.7
Shields        | 3 |  3.5
Fighting       | 4 |  4.1
Dodging        | |  0.9
Stealth        | |  0.8

Action                   |  1- 3 |  4- 6 || total
-------------------------+-------+-------++-------
Melee: Long sword        |    59 |   118 ||   177
  Use: Potion            |     2 |     1 ||     3
       Scroll            |       |     3 ||     3
  Eat: Chunk             |       |     4 ||     4
Armor: Scale mail        |    23 |    43 ||    66
Dodge: Dodged            |    21 |    31 ||    52
Block: Shield            |    27 |    53 ||    80
       Rpst.: Long sword |     7 |    11 ||    18
